 Dungeon Crawl Stone Soup version 0.19-a0-1886-gd64a0f0 (webtiles) character file.

310 Eniamerus the Covert (level 6, -3/30 HPs)
             Began as a Spriggan Assassin on Oct 16, 2016.
             Slain by a phantom (7 damage)
             ... on level 3 of the Dungeon.
             The game lasted 00:09:57 (3888 turns).

Eniamerus the Covert (Spriggan Assassin)            Turns: 3888, Time: 00:09:58

Health: -3/30      AC:  5    Str:  7    XL:     6   Next: 18%
Magic:  7/7        EV: 17    Int: 12    God:
Gold:   207        SH:  0    Dex: 25    Spells: 0 memorised, 5 levels left

rFire  . . .     SeeInvis +     a - +2 dagger
rCold  . . .     Gourm    .     c - +0 robe
rNeg   . . .     Faith    .     (shield restricted)
rPois  .         Spirit   .     (helmet restricted)
rElec  +         Dismiss  .     d - +0 cloak
rCorr  .         Reflect  .     (gloves unavailable)
MR     +....     Harm     .     (boots unavailable)
Stlth  +++++.....               s - amulet of rage
                                m - +3 ring of dexterity
                                t - ring of wizardry

@: very quick
A: unfitting armour, iridescent scales 1, see invisible, agile 1, herbivore 3,
speed 3, electricity resistance, slow metabolism 2
a: Evoke Berserk Rage


You were on level 3 of the Dungeon.
You were not hungry.

You visited 1 branch of the dungeon, and saw 3 of its levels.

You collected 207 gold pieces.

Inventory:

Hand Weapons
 a - a +2 dagger (weapon)
 b - a +0 blowgun
 q - a +2 dagger of holy wrath
Missiles
 e - 34 poisoned needles
 f - 2 curare-tipped needles
Armour
 c - a +0 robe (worn)
 d - a +0 cloak (worn)
Jewellery
 m - a +3 ring of dexterity (right hand)
 s - an amulet of rage (around neck)
 t - a ring of wizardry (left hand)
Scrolls
 h - a scroll of identify
 j - 2 scrolls of blinking
 n - a scroll of remove curse
Potions
 i - a potion of lignification
 k - a potion of flight
 l - a potion of curing
 o - a potion of degeneration {unknown}
Comestibles
 g - 2 bread rations


   Skills:
 - Level 1.5 Fighting
 - Level 2.1 Short Blades
 - Level 2.0 Throwing
 - Level 1.5 Dodging
 + Level 11.2 Stealth


You had 5 spell levels left.
You didn't know any spells.

Dungeon Overview and Level Annotations

Branches:
Dungeon (3/15)

Altars:


Innate Abilities, Weirdness & Mutations

You are very small and have problems with some larger weapons.
You are too small for most types of armour.
You have supernaturally acute eyesight. (SInv)
You are a herbivore.
You cover ground extremely quickly.
You need consume almost no food.
You are partially covered in iridescent scales. (AC +2)
You are agile. (Dex +2)
You are resistant to electric shocks. (rElec)


Message History

The phantom closely misses you.
You hit the phantom but do no damage. You hit the phantom.
The phantom is lightly damaged.
The phantom hits you!
You hit the phantom.
The phantom is lightly damaged.
The phantom hits you.
* * * LOW HITPOINT WARNING * * *
You completely miss the phantom.
The phantom is lightly damaged.
The phantom hits you.
* * * LOW HITPOINT WARNING * * *
You miss the phantom.
The phantom is lightly damaged.
The phantom misses you.
You hit the phantom.
The phantom is lightly damaged.
The phantom hits you!
You die...

##>..## #** ##...[.##
,.###* #.....(.#
*,...* #.......#
***#.## #.......# *
#..###### ##.)...##
#####......# ##.....##
......####.###.†W....#
#####..###......@....#
##......#........#
######..........######
#######
###......)......#
##.....#
##...###......#
##.##..#
###...###.####
......############.#
#....#
#..................#
####(#
...#####....########
#.##


You could see a phantom.

Vanquished Creatures
  An orc warrior (D:3)
  An ogre (D:3)
  5 adders
  An ooze (D:2)
  2 worms
  2 dart slugs (D:2)
  2 leopard geckos (D:1)
  3 orcs (D:3)
  14 bats
  3 giant cockroaches (D:3)
  9 goblins
  5 hobgoblins
  14 kobolds
  3 quokkas
  5 frilled lizards
  12 rats
  A plant (D:1)
83 creatures vanquished.

Notes
Turn   | Place    | Note
-------+----------+-------------------------------------------
     0 | D:1      | Eniamerus the Spriggan Assassin began the quest for the Orb.
     0 | D:1      | Reached XP level 1. HP: 10/10 MP: 2/2
    29 | D:1      | Reached skill level 6 in Stealth
   186 | D:1      | Reached XP level 2. HP: 8/14 MP: 3/3
   436 | D:1      | Reached skill level 7 in Stealth
   997 | D:2      | Reached XP level 3. HP: 18/18 MP: 4/4
  1128 | D:2      | Reached skill level 8 in Stealth
  2026 | D:2      | Gained mutation: You are resistant to electric shocks. (rElec) [potion of mutation]
  2026 | D:2      | Gained mutation: You are agile. (Dex +2) [potion of mutation]
  2026 | D:2      | Gained mutation: You are partially covered in iridescent scales. (AC +2) [potion of mutation]
  2084 | D:2      | Reached XP level 4. HP: 22/22 MP: 5/5
  2584 | D:3      | Noticed an orc warrior
  2954 | D:3      | Noticed a phantom
  3054 | D:3      | Reached skill level 9 in Stealth
  3180 | D:3      | Killed an orc warrior
  3180 | D:3      | Reached skill level 10 in Stealth
  3180 | D:3      | Reached XP level 5. HP: 25/25 MP: 6/6
  3321 | D:3      | Noticed an ogre
  3323 | D:3      | Killed an ogre
  3323 | D:3      | Reached skill level 11 in Stealth
  3323 | D:3      | Reached XP level 6. HP: 30/30 MP: 7/7
  3888 | D:3      | Slain by a phantom

Vault maps used:
D:1:      minmay_arrival_radiant_lines, kennysheep_crisscross,
          lexackson_kobold_supper
D:2:      wad_crossroads
D:3:      minmay_mini_jars

Skill      XL: |  1  2  3  4  5 |
---------------+----------------+-----
Stealth        | 6 7 8 10 11 | 11.2
Fighting       | |  1.5
Short Blades   | |  2.1
Throwing       | |  2.0
Dodging        | |  1.5

Action                   |  1- 3 |  4- 6 || total
-------------------------+-------+-------++-------
Melee: Dagger            |   137 |   122 ||   259
 Fire: Blowgun           |     6 |    16 ||    22
  Use: Potion            |     5 |       ||     5
       Scroll            |     3 |     9 ||    12
 Stab: Sleeping          |    11 |    16 ||    27
       Invisible         |     1 |       ||     1
       Distracted        |       |     1 ||     1
  Eat: Pizza             |       |     1 ||     1
Armor: Robe              |    17 |    32 ||    49
       Skin              |     6 |       ||     6
Dodge: Dodged            |   107 |    91 ||   198
